 Dungeon Crawl Stone Soup version 0.25-a0-413-g3b4b6a4ccc (webtiles) character file.

Game seed: 3939208803162563433, levelgen mode: deterministic

0 MrRokkomies the Ducker (level 1, 0/11 HPs)
             Began as a Spriggan Abyssal Knight on Jan 17, 2020.
             Was a Follower of Lugonu.
             Slain by a spatial maelstrom (3 damage)
             ... on level 3 of the Abyss.
             The game lasted 00:02:15 (354 turns).

MrRokkomies the Ducker (Spriggan Abyssal Knight)     Turns: 354, Time: 00:02:15

Health: 0/11       AC:  2    Str:  8    XL:     1   Next: 0%
Magic:  3/3        EV: 18    Int: 13    God:    Lugonu [*.....]
Gold:   91         SH:  0    Dex: 15    Spells: 0/0 levels left

rFire    . . .     SeeInvis +   a - +1 short sword
rCold    . . .     Gourm    .   (shield restricted)
rNeg     . . .     Faith    .   b - +0 robe
rPois    .         Spirit   .   (helmet restricted)
rElec    .         Reflect  .   (no cloak)
rCorr    .         Harm     .   (gloves unavailable)
MR       .....                  (boots unavailable)
Stlth    +.........             (no amulet)
HPRegen  0.03/turn              (no ring)
MPRegen  0.08/turn              (no ring)

@: slow
A: very small, unfitting armour, see invisible, herbivore, speed 3, slow
metabolism 2
a: Depart the Abyss, Renounce Religion


You were on level 3 of the Abyss.
You worshipped Lugonu.
Lugonu was aware of your devotion.
You were not hungry.

You visited 0 branches of the dungeon, and saw 0 of its levels.
You visited the Abyss 1 time.

You collected 91 gold pieces.

Inventory:

Hand Weapons
 a - a +1 short sword (weapon)
Missiles
 f - 17 poisoned darts (quivered)
Armour
 b - a +0 robe (worn)
Jewellery
 e - an uncursed amulet of rage {unknown}
 g - a +2 ring of dexterity {unknown}
Wands
 h - a wand of paralysis (8)
 j - a wand of enslavement (7)
Scrolls
 d - a scroll of fog {unknown}
 i - a scroll of identify {unknown}
Comestibles
 c - 3 rations


   Skills:
 - Level 2.4 Fighting
 * Level 2.1 Short Blades
 + Level 3.5 Dodging
 + Level 0.0 Stealth
 * Level 1.7 Invocations


You couldn't memorise any spells.
You didn't know any spells.
Your spell library was empty.

Dungeon Overview and Level Annotations

Branches:
Dungeon (0/15)

Altars:


Innate Abilities, Weirdness & Mutations

You are very small and have problems with some larger weapons.
You are too small for most types of armour.
You have supernaturally acute eyesight. (SInv)
You are a herbivore.
You cover ground extremely quickly.
You need to consume almost no food.


Message History

A large abomination comes into view.
A spatial vortex comes into view.
A smoke demon comes into view.
The smoke demon roars!
A wraith comes into view.
The smoke demon gestures at you. The ball of steam misses you.
A spatial vortex comes into view.
Evoke which item? (* to show all) (? for menu, Esc to quit)
Aiming: Enslavement
Press: ? - help, Shift-Dir - straight line, f - smoke demon
Aim: a smoke demon (chance to defeat MR: 15%)
The smoke demon resists with almost no effort.
A spatial vortex comes into view.
You enter the shallow water.
Moving in this stuff is going to be slow.
The spatial maelstrom hits you.
* * * LOW HITPOINT WARNING * * *
Space bends around you.
You die...

.. .#### . .. .. .#.....
###. .###.#.... ##... #
... .#. # # .§#≈#. ##..
...$ .. ##...#######..#4
#..
.##.#.#......##.#...#.#.
......v#v.3...4#v...##.
.##≈≈@v#W..##. .### ##
#≈≈≈..#..#.....#
##≈≈.#..#.##. #..#
.≈##.....#........# ..≈
#..#...###.#..## ≈≈≈≈
....#.. .###.#
≈≈.#≈≈..###.. .. .#
≈≈≈... .# ...


You could see a spatial maelstrom, 2 spatial vortices, a smoke demon and a chaos
spawn.

Vanquished Creatures (others)
  4 starspawn tentacles (Abyss:3)
4 creatures vanquished.

Notes
Turn   | Place    | Note
-------+----------+-------------------------------------------
     0 | Abyss:1  | MrRokkomies the Spriggan Abyssal Knight began the quest for
                  | the Orb.
     0 | Abyss:1  | Reached XP level 1. HP: 11/11 MP: 3/3
    16 | Abyss:1  | Noticed an ancient zyme
    59 | Abyss:1  | Noticed a blizzard demon
    66 | Abyss:1  | Noticed an orange demon
   262 | Abyss:3  | Noticed a shadow wraith
   282 | Abyss:3  | Noticed a large abomination
   296 | Abyss:3  | Noticed a yellow draconian monk
   296 | Abyss:3  | Noticed a tentacled starspawn
   302 | Abyss:3  | Noticed a tentacled starspawn
   329 | Abyss:3  | Noticed a purple draconian
   330 | Abyss:3  | Noticed a chaos spawn
   335 | Abyss:3  | Noticed a spatial vortex
   337 | Abyss:3  | Noticed a spatial maelstrom
   337 | Abyss:3  | Noticed a spatial vortex
   339 | Abyss:3  | Noticed a spatial vortex
   343 | Abyss:3  | Noticed a large abomination
   346 | Abyss:3  | Noticed a spatial vortex
   346 | Abyss:3  | Noticed a smoke demon
   347 | Abyss:3  | Noticed a wraith
   351 | Abyss:3  | Noticed a spatial vortex
   354 | Abyss:3  | Noticed a spatial vortex
   354 | Abyss:3  | Slain by a spatial maelstrom

Levels and vault maps discovered:
Abyss:3:  hangedman_abyss_or_decor_slice

Action                   || total
-------------------------++-------
Evoke: Wand              ||     2
Dodge: Dodged            ||     3

Table legend:
 A = Non-vault XP
 B = Vault XP
 C = Vault XP percentage of total XP
 D = Non-vault monster count
 E = Vault monster count
 F = Vault count percentage of total count
                 A         B        C        D         E       F
            +---------+---------+-------+---------+---------+-------
      Total |       0 |       0 |   N/A |       0 |       0 |  -nan
            +---------+---------+-------+---------+---------+-------
            +---------+---------+-------+---------+---------+-------
